 Dungeon Crawl Stone Soup version 0.28.0-45-g0d030f2227 (webtiles) character file.

Game seed: 13991772701034063847

53 protoss039 the Digger (level 3, -5/27 HPs)
             Began as a Demonspawn Earth Elementalist on May 28, 2022.
             Slain by an iguana (14 damage)
             ... on level 2 of the Dungeon.
             The game lasted 00:01:59 (2018 turns).

protoss039 the Digger (DsEE)                        Turns: 2018, Time: 00:01:59

Health: -5/27      AC:  3    Str:  8    XL:     3   Next: 64%
Magic:  5/6        EV: 11    Int: 18    God:
Gold:   72         SH:  0    Dex: 13    Spells: 0/6 levels left

rFire   . . .      SeeInvis +   l - +3 falchion
rCold   . . .      Faith    .   (no shield)
rNeg    . . .      Spirit   .   h - +0 leather armour
rPois   .          Reflect  .   (no helmet)
rElec   .          Harm     .   (no cloak)
rCorr   .          Rampage  .   (no gloves)
Will    .....                   (no boots)
Stlth   ++........              f - amulet of magic regeneration
HPRegen 0.09/turn               k - ring of see invisible
MPRegen 0.50/turn               (no ring)

@: no status effects
A: powered by pain 1
a: no special abilities


You were on level 2 of the Dungeon.
You visited 1 branch of the dungeon, and saw 2 of its levels.

You collected 72 gold pieces.

Inventory:

Hand Weapons
 l - a +3 falchion (weapon)
Missiles
 c - 54 stones
Armour
 b - a +0 robe
 h - a +0 leather armour (worn)
Jewellery
 f - an amulet of magic regeneration (around neck)
 k - a ring of see invisible (left hand)
Scrolls
 a - a scroll of amnesia {unknown}
 e - 2 scrolls of magic mapping {unknown}
 g - 3 scrolls of identify {unknown}
Potions
 d - a potion of flight {unknown}
 i - a potion of heal wounds {unknown}
 j - a potion of mutation {unknown}
 m - a potion of invisibility {unknown}


   Skills:
 * Level 1.9 Fighting
 + Level 1.1 Armour
 - Level 1.7 Dodging
 - Level 1.7 Stealth
 + Level 2.4 Spellcasting
 - Level 1.0 Transmutations
 + Level 3.1 Earth Magic


You couldn't memorise any spells.
You knew the following spells:

 Your Spells              Type           Power      Damage    Failure   Level
a - Sandblast             Erth           26%        2d8       7%          1
b - Passwall              Tmut/Erth      7%         N/A       16%         2
c - Stone Arrow           Conj/Erth      14%        3d7       36%         3

Your spell library contained the following spells:

 Spells                   Type           Power      Damage    Failure   Level
 Petrify                  Tmut/Erth      9%         N/A       71%         4
 Borgnjor's Vile Clutch   Necr/Erth      3%         N/A       98%         5
 Alistair's Intoxication  Tmut/Pois      2%         N/A       99%         5
 Eringya's Noxious Bog    Tmut/Pois      1%         N/A       100%        6


Dungeon Overview and Level Annotations

Branches:
Dungeon (2/15)

Altars:


Innate Abilities, Weirdness & Mutations

You sometimes gain a little power by taking damage.


Message History

The hobgoblin is almost dead.
The hobgoblin hits you.
A hobgoblin is nearby!
You hit the hobgoblin.
You kill the hobgoblin!
You see here a hobgoblin corpse.
An iguana comes into view.
An iguana is nearby!
An iguana is nearby!
An iguana is nearby!
You hit the iguana.
The iguana is lightly wounded.
The iguana barely misses you.
You hit the iguana.
The iguana is moderately wounded.
The iguana bites you!
You hit the iguana but do no damage.
The iguana is moderately wounded.
The iguana closely misses you. The iguana bites you!
Unknown command.
You are too injured to fight recklessly!
Casting: Sandblast (safe; 7% risk of failure)
Confirm with . or Enter, or press ? or * to list all spells.
Aiming: Sandblast (safe; 7% risk of failure)
Press: ? - help, Shift-Dir - straight line, f - iguana
Aim: an iguana (moderately wounded, 82% to hit)
The blast of sand hits the iguana.
The iguana is heavily wounded.
The iguana closely misses you.
Unknown command.
Casting: Sandblast (safe; 7% risk of failure)
Confirm with . or Enter, or press ? or * to list all spells.
Aiming: Sandblast (safe; 7% risk of failure)
Press: ? - help, Shift-Dir - straight line, f/p - iguana
Aim: an iguana (heavily wounded, 82% to hit)
The blast of sand hits the iguana.
The iguana is severely wounded.
The iguana bites you!
Ouch! That really hurt!
You die...

#.# #..# .# #.#
##.# .. #.# ##.##
#. #.# #...###. #.#
#...##.. #.#
####......^ #.#
#..........
#l#######..........
#.@................
############....#..
#....##. #....###
####.# #.# #.#
#.### #....


You could see an iguana.

Vanquished Creatures
  Natasha (D:2)
  A dart slug (D:2)
  3 bats
  An endoplasm (D:2)
  3 giant cockroaches
  5 hobgoblins
  3 kobolds (D:2)
  A quokka (D:1)
  2 ball pythons (D:1)
  5 frilled lizards
  A rat (D:1)
26 creatures vanquished.

Notes
Turn   | Place    | Note
-------+----------+-------------------------------------------
     0 | D:1      | protoss039 the Demonspawn Earth Elementalist began the
                  | quest for the Orb.
     0 | D:1      | Reached XP level 1. HP: 13/13 MP: 3/3
   267 | D:1      | Reached skill level 1 in Transmutations
   691 | D:1      | Gained mutation: You sometimes gain a little power by
                  | taking damage. [demonic ancestry]
   691 | D:1      | Reached XP level 2. HP: 15/20 MP: 0/5
   790 | D:1      | Reached skill level 1 in Fighting
  1156 | D:2      | Learned a level 2 spell: Passwall
  1549 | D:2      | Noticed Natasha
  1554 | D:2      | Noticed a crimson imp
  1554 | D:2      | Killed Natasha
  1555 | D:2      | Reached skill level 1 in Armour
  1555 | D:2      | Reached skill level 3 in Earth Magic
  1555 | D:2      | Reached XP level 3. HP: 26/27 MP: 3/6
  1586 | D:2      | Learned a level 3 spell: Stone Arrow
  2018 | D:2      | Slain by an iguana

Illustrated notes

Levels and vault maps discovered:
D:1:      nagdon_arrival_zigzag_paths, layout_loops_ring
D:2:      layout_loops_ring, corexii_item_surrounded_by_moat, uniq_natasha

Skill      XL: |  1  2 |
---------------+-------+-----
Transmutations | 1 |  1.0
Fighting       | 1 |  1.9
Armour         | 1 |  1.1
Earth Magic    | 3 |  3.1
Dodging        | |  1.7
Stealth        | |  1.7
Spellcasting   | |  2.4

Action                   || total
-------------------------++-------
Melee: Unarmed           ||     4
       Falchion          ||    15
       Dagger            ||     3
 Cast: Sandblast         ||    30
 Stab: Sleeping          ||     2
Armor: Robe              ||     1
       Leather armour    ||     7
Dodge: Dodged            ||    17
